 Dungeon Sprint DCSS version 0.22-a0-358-g7563fe7 (webtiles) character file.

911 Kidiri the Covert (level 7, -7/36 (37) HPs)
             Began as a Spriggan Enchanter on Apr 18, 2018.
             Shot with an arrow by a centaur warrior (22 damage)
             ... in the Dungeon (Sprint II: "The Violet Keep of Menkaure").
             The game lasted 00:04:28 (824 turns).

Kidiri the Covert (Spriggan Enchanter)               Turns: 824, Time: 00:04:29

HP:   -7/36 (37)    AC:  2    Str:  4    XL:     7   Next: 82%
MP:   0/20          EV: 27    Int: 17    God:
Gold: 972           SH:  0    Dex: 18    Spells: 12/24 levels left

rFire    . . .     SeeInvis +   a - +1 dagger
rCold    . . .     Gourm    .   (shield restricted)
rNeg     . . .     Faith    .   b - +0 robe
rPois    .         Spirit   .   (helmet restricted)
rElec    .         Reflect  .   (no cloak)
rCorr    .         Harm     .   (gloves unavailable)
MR       +....     NoTele   +   (boots unavailable)
Stlth    +++.......             (no amulet)
HPRegen  0.12/turn              (no ring)
MPRegen  0.17/turn              (no ring)

@: slow
A: very small, unfitting armour, see invisible, herbivore, speed 3, slow
metabolism 2
a: no special abilities


You were in the Dungeon.
You were not hungry.

You visited 1 branch You collected 972 gold pieces.

Inventory:

Hand Weapons
 a - a +1 dagger (weapon)
Armour
 b - a +0 robe (worn)
Scrolls
 j - a scroll of blinking
Potions
 g - a potion of haste
 h - 2 potions of magic
Comestibles
 d - a ration


   Skills:
 + Level 4.1 Fighting
 * Level 8.1 Short Blades
 + Level 3.7 Armour
 * Level 10.7 Dodging
 * Level 11.9 Stealth
 * Level 9.2 Spellcasting
 + Level 7.2 Hexes


You had 12 spell levels left.
You knew the following spells:

 Your Spells              Type           Power        Failure   Level  Hunger
a - Corona                Hex            ####...      1%          1    None
b - Ensorcelled Hibernat  Hex/Ice        ###...       3%          2    None
c - Confuse               Hex            ####....     1%          3    None
d - Tukima's Dance        Hex            ####....     1%          3    None
e - Dazzling Spray        Conj/Hex       ###...       6%          3    None


Dungeon Overview and Level Annotations

Branches:
Dungeon (1/1)

Altars:

Shops:
D [!(:?*=[}}:

Annotations:
D Kirke


Innate Abilities, Weirdness & Mutations

You are very small and have problems with some larger weapons.
You are too small for most types of armour.
You have supernaturally acute eyesight. (SInv)
You are a herbivore.
You cover ground extremely quickly.
You need to consume almost no food.


Message History

The skeletal warrior hits you with a hand axe!
Casting: Dazzling Spray (safe; 6% risk of failure)
Confirm with . or Enter, or press ? or * to list all spells.
Aiming: Dazzling Spray (safe; 6% risk of failure)
Press: ? - help, Shift-Dir - straight line, f/p - skeletal warrior
Aim: a skeletal warrior, wielding a hand axe The spray of energy hits the skeletal warrior.
The skeletal warrior misses you.
Casting: Dazzling Spray (safe; 6% risk of failure)
Confirm with . or Enter, or press ? or * to list all spells.
Aiming: Dazzling Spray (safe; 6% risk of failure)
Press: ? - help, Shift-Dir - straight line, f/p - skeletal warrior
Aim: a skeletal warrior, wielding a hand axe The spray of energy hits the skeletal warrior.
The skeletal warrior is lightly damaged.
The skeletal warrior hits you with a hand axe!
The centaur warrior wields a shortbow.
The centaur warrior shoots an arrow.
The arrow hits you!!
Ouch! That really hurt!
You die...

.∩.∩..#≈≈≈≈#..#..# .#
∩.∩.∩.#≈≈####...#### .##
.∩.∩.∩#≈##.###+###.##..#
∩...∩.#≈#.#.##.####†#..#
.....∩'Y+###+.<.+.##+..#
......#c#.#.##.##...#....#
▓▓▓▓###≈##.###+###.##.....
E######z≈#####.##### ≈....
##≈@≈#..#..# ≈≈≈≈.
#+#≈##.#.## ≈≈≈§≈≈
#≈≈##+##≈≈§≈§§§§§
##≈≈≈≈≈≈≈≈≈≈≈§≈≈§
#+++#+++#≈≈§ §S§§ §S§§§§
≈§§§§≈≈§+ ≈≈≈≈§§≈##


You could see a skeletal warrior and a centaur warrior.

Vanquished Creatures
  2 hippogriffs (D)
  Menkaure (D)
  4 necrophages (D)
  4 worker ants (D)
  3 worms (D)
14 creatures vanquished.

Vanquished Creatures (others)
  A crocodile (D)
1 creature vanquished.

Grand Total: 15 creatures vanquished

Notes
Turn   | Place    | Note
-------+----------+-------------------------------------------
     0 | D        | Kidiri the Spriggan Enchanter began the quest for the Orb.
     0 | D        | Reached XP level 1. HP: 9/9 MP: 5/5
     1 | D        | Noticed a hippogriff
     1 | D        | Noticed a hippogriff
     5 | D        | Noticed a worker ant
     5 | D        | Noticed a worker ant
   107 | D        | Noticed a necrophage
   107 | D        | Noticed a necrophage
   107 | D        | Noticed a necrophage
   107 | D        | Noticed a necrophage
   114 | D        | Killed a necrophage
   114 | D        | Reached skill level 1 in Fighting
   114 | D        | Reached skill level 1 in Armour
   114 | D        | Reached skill level 5 in Dodging
   114 | D        | Reached skill level 7 in Stealth
   114 | D        | Reached XP level 2. HP: 15/15 MP: 4/8
   114 | D        | Reached XP level 3. HP: 18/18 MP: 5/10
   114 | D        | Reached XP level 4. HP: 23/23 MP: 5/11
   119 | D        | Killed a necrophage
   119 | D        | Reached skill level 5 in Short Blades
   119 | D        | Reached skill level 8 in Stealth
   119 | D        | Reached skill level 5 in Hexes
   119 | D        | Reached XP level 5. HP: 27/27 MP: 5/14
   144 | D        | Killed a necrophage
   144 | D        | Reached skill level 9 in Stealth
   183 | D        | Noticed an obsidian statue
   223 | D        | Killed a necrophage
   223 | D        | Reached XP level 6. HP: 8/31 MP: 5/17
   235 | D        | Learned a level 2 spell: Ensorcelled Hibernation
   239 | D        | Learned a level 3 spell: Confuse
   243 | D        | Learned a level 3 spell: Tukima's Dance
   247 | D        | Learned a level 3 spell: Dazzling Spray
   471 | D        | Reached skill level 10 in Stealth
   758 | D        | Killed a hippogriff
   758 | D        | Reached skill level 11 in Stealth
   758 | D        | Reached XP level 7. HP: 36/36 MP: 17/19
   765 | D        | Killed a hippogriff
   765 | D        | Reached skill level 10 in Dodging
   783 | D        | Noticed Menkaure
   784 | D        | Found Utaicysk's Gadget Shoppe.
   784 | D        | Found Imotai's Book Emporium.
   784 | D        | Noticed Kirke
   784 | D        | Noticed a skeletal warrior
   784 | D        | Noticed a yaktaur captain
   785 | D        | Killed Menkaure
   810 | D        | Found Weannuh's Gadget Shoppe.
   811 | D        | Found Oxtetu's Jewellery Emporium.
   812 | D        | Found Parar's Magic Scroll Shoppe.
   813 | D        | Found Bazimy's Book Shoppe.
   813 | D        | Found Yniliu's General Store.
   813 | D        | Found Koawuunn's Antique Weapon Emporium.
   813 | D        | Found Nussuole's Antique Armour Emporium.
   814 | D        | Found Fecluu Iskiu's Distillery.
   814 | D        | Found Ceekemp's Antique Armour Emporium.
   814 | D        | Noticed an iron elemental
   818 | D        | Noticed an elephant
   819 | D        | Noticed a centaur warrior
   824 | D        | Shot with an arrow by a centaur warrior

Vault maps used:
D:        the_violet_keep_of_menkaure

Skill      XL: |  1  2  3  4  5  6  7 |
---------------+----------------------+-----
Fighting       | 1 2 3 4 |  4.1
Short Blades   | 3 5 6 7 8 |  8.1
Armour         | 1 2 3 |  3.7
Dodging        | 5 7 8 9 10 | 10.7
Stealth        | 7 8 9 11 | 11.9
Spellcasting   | 4 6 7 8 9 |  9.2
Hexes          | 4 5 6 7 |  7.2

Action                   |  1- 3 |  4- 6 |  7- 9 || total
-------------------------+-------+-------+-------++-------
Melee: Dagger            |     8 |    83 |     2 ||    93
 Cast: Corona            |     1 |    13 |       ||    14
       Ensorcelled Hiber |       |     8 |       ||     8
       Dazzling Spray    |       |       |     5 ||     5
       Confuse           |       |       |     2 ||     2
  Use: Potion            |     1 |     2 |       ||     3
 Stab: Sleeping          |     1 |     8 |     2 ||    11
Armor: Robe              |       |     2 |       ||     2
Dodge: Dodged            |     5 |    60 |     3 ||    68

Table legend:
 A = Spawn XP
 B = Non-spawn XP
 C = Spawn XP percentage of total XP
 D = Spawn monster count
 E = Non-spawn monster count
 F = Spawn count percentage of total count
 G = Total turns spent on level
                    A         B        C        D         E        F      G
               +---------+---------+-------+---------+---------+-------+---------
         Total |       0 |    1302 |   0.0 |       0 |      14 |   0.0 |   824
               +---------+---------+-------+---------+---------+-------+---------
             D |       0 |    1302 |   0.0 |       0 |      14 |   0.0 |   824
               +---------+---------+-------+---------+---------+-------+---------
